AoeStats
← th0m45

Arabia

510135958Analyzed
2v2 RM · 4d ago on Sep 29, 2026· 42m 49s· 4 players
Game mode
Random Map
Map size
Medium (4 player)
Population
200
Speed
Normal
Resources
Standard
Victory
Conquest
Starting age
Dark Age
Ending age
Imperial Age
RankedLock teamsTeams togetherTeam positionsShared explorationLock speedFull tech treeHidden civsTurbo modeCheats
Victory
Defeat
🇦🇷 Saxons · Argentina
1592
+14
🇹🇼 Mongols · Taiwan
1556
+15
🇭🇰 Inca · Hong Kong SAR China
1582
-16
🇩🇰 Teutons · Denmark
1501
-13
好警察
2:54 Loom
8:50 Feudal Age
10:22 Double-Bit Axe
20:59 Scale Barding Armor
21:27 Bloodlines
24:22 Fletching
24:30 Fletching
26:45 Wheelbarrow
28:57 Castle Age
27:33 Scale Mail Armor
28:02 Gold Mining
28:12 Horse Collar
29:09 Wheelbarrow
29:36 Bodkin Arrow
31:27 Husbandry
32:04 Padded Archer Armor
32:19 Town Watch
33:32 Thumb Ring
34:22 Ballistics
40:08 Hand Cart
42:29 Imperial Age
43:36 Parthian Tactics
43:15 Bracer
kkman86
9:38 Feudal Age
14:08 Castle Age
13:20 Loom
16:53 Double-Bit Axe
21:14 Town Watch
22:27 Scale Mail Armor
24:20 Horse Collar
24:50 Bow Saw
26:22 Wheelbarrow
29:37 Bow Saw
30:30 Arson
31:41 Pikeman
33:19 Gambesons
34:25 Fletching
37:30 Squires
38:54 Forging
39:04 Chain Mail Armor
40:01 Heavy Plow
44:20 Imperial Age
43:30 Hand Cart
th0m45
7:01 Loom
9:14 Feudal Age
9:42 Double-Bit Axe
9:20 Champi Runner
13:44 Arson
21:02 Scale Mail Armor
21:37 Forging
tailwindhighhorses
10:08 Feudal Age
10:36 Loom
10:40 Double-Bit Axe
11:19 Horse Collar
15:27 Gold Mining
17:12 Wheelbarrow
21:04 Castle Age
20:03 Bloodlines
20:07 Forging
20:30 Scale Barding Armor
21:23 Town Watch
22:19 Bow Saw
22:51 Chain Barding Armor
23:39 Iron Casting
27:34 Heavy Plow
36:08 Imperial Age
34:27 Stone Mining
37:37 Plate Barding Armor
36:37 Cavalier
39:46 Blast Furnace
41:25 Paladin
Connection lost

Rejoining the realm…

Still unreachable

The connection could not be restored.

Session expired

The server has moved on; the page needs a fresh start.